 Dungeon Crawl Stone Soup version 0.21.1-1-g345015f (webtiles) character file.

20932 Kagorn the Fighter (level 12, -7/82 HPs)
             Began as a Gargoyle Fighter on July 17, 2018.
             Was the Champion of Okawaru.
             Splashed by an oklob plant's acid (8 damage)
             ... on level 3 of the Lair of Beasts.
             The game lasted 01:48:18 (13320 turns).

Kagorn the Fighter (Gargoyle Fighter)              Turns: 13320, Time: 01:48:28

Health: -7/82      AC: 22    Str: 22    XL:     12   Next: 84%
Magic:  12/12      EV: 11    Int: 14    God:    Okawaru [******]
Gold:   587        SH: 18    Dex: 11    Spells: 11/11 levels left

rFire    . . .     SeeInvis +   P - +4 rapier (distort)
rCold    . . .     Gourm    .   A - +1 large shield {AC+3}
rNeg     + . .     Faith    .   M - +6 ring mail of Gusharro {Int+4}
rPois    ∞         Spirit   .   (no helmet)
rElec    +         Reflect  .   n - +1 cloak
rCorr    +         Harm     .   H - +0 pair of gloves
MR       .....                  J - +0 pair of boots
Stlth    +.........             G - amulet of regeneration
HPRegen  0.63/turn              s - ring of see invisible
MPRegen  0.13/turn              g - ring of resist corrosion

@: corroded
A: negative energy resistance 1, electricity resistance, unbreathing,
petrification resistance, rot immunity, AC +8
a: Heroism, Finesse, Renounce Religion


You were on level 3 of the Lair of Beasts.
You worshipped Okawaru.
Okawaru was exalted by your worship.
You were not hungry.

You visited 2 branches of the dungeon, and saw 13 of its levels.
You also visited: Ossuary.

You collected 767 gold pieces.
You spent 180 gold pieces at shops.

Inventory:

Hand Weapons
 l - a cursed +5 battleaxe
 u - a +4 scimitar of flaming
 v - a +3 dagger of protection
 N - a +1 whip of flaming
 P - a +4 rapier of distortion (weapon)
 T - the +3 trident "Dragonbane" {freeze, Str+7}
   (You found it on level 1 of the Lair of Beasts)

   It has been specially enchanted to freeze those struck by it, causing extra
   injury to most foes and up to half again as much damage against particularly
   susceptible opponents.
   It can also slow down cold-blooded creatures.
   It affects your strength (+7).
 U - a +0 short sword of electrocution
Missiles
 e - 414 stones (quivered)
 m - 105 sling bullets
 K - 2 silver javelins
 Q - 4 silver tomahawks
Armour
 n - a +1 cloak (worn)
 y - a +0 plate armour
 A - a +1 large shield of protection (worn)
 H - a +0 pair of gloves (worn)
 J - a +0 pair of boots (worn)
 M - the +6 ring mail of Gusharro (worn) {Int+4}
   (You found it on level 9 of the Dungeon)

   It affects your intelligence (+4).
Magical Staves
 L - an uncursed staff of conjuration
Jewellery
 g - a ring of resist corrosion (right hand)
 s - a ring of see invisible (left hand)
 G - an amulet of regeneration (around neck)
 R - an uncursed amulet of regeneration
 X - a +3 ring of dexterity
Wands
 a - a wand of iceblast (16)
 b - a wand of digging (4)
 p - a wand of polymorph (32)
 S - a wand of disintegration (11)
 Y - a wand of flame (17)
Scrolls
 c - a scroll of amnesia
 i - 12 scrolls of teleportation
 t - 9 scrolls of remove curse
 w - 4 scrolls of fog
 x - 4 scrolls of fear
 E - 3 scrolls of blinking
 V - a scroll of magic mapping
 Z - 2 scrolls of identify
Potions
 d - 5 potions of lignification {unknown}
 h - 3 potions of heal wounds
 j - 2 potions of brilliance {unknown}
 k - a potion of agility
 o - a potion of ambrosia {unknown}
 q - a potion of might
 r - 3 potions of berserk rage {unknown}
 B - 2 potions of mutation {unknown}
 C - a potion of degeneration {unknown}
 D - a potion of cancellation {unknown}
 F - a potion of resistance {unknown}
 I - 2 potions of curing {unknown}
Books
 W - a book of Transfigurations

   Spells                             Type                      Level
   a - Irradiate                      Conjuration/Transmutation    5
   b - Statue Form                    Transmutation/Earth          6
   c - Hydra Form                     Transmutation                6
   d - Dragon Form                    Transmutation                7
Comestibles
 f - 11 rations


   Skills:
 * Level 12.5 Fighting
 * Level 9.0 Short Blades
 - Level 6.0 Maces & Flails
 + Level 9.4 Armour
 + Level 6.6 Dodging
 + Level 9.5 Shields


You had 11 spell levels left.
You didn't know any spells.

Dungeon Overview and Level Annotations

Branches:
Dungeon (10/15)            Temple (0/1) D:4            Lair (3/6) D:10
 Spider (0/4) Lair:3          Orc (0/2) D:10
  Swamp: Lair:2-4    Shoals: Lair:2-4

Altars:
Okawaru
Qazlal
Trog
Yredelemnul

Shops:
D:4 :   D:5 ?   D:7 :?((

Annotations:
Lair:3 exclusion: 3 oklob plants


Innate Abilities, Weirdness & Mutations

You are resistant to torment.
Your stone body is resilient. (AC +8)
You are immune to poison.
You resist negative energy. (rN+)
You are resistant to electric shocks. (rElec)
You can survive without breathing.
You are immune to petrification.
You are immune to rotting.


Message History

You hit the oklob plant but do no damage.
The oklob plant is moderately damaged.
The oklob plant spits acid at you. The splash of acid hits you!
The acid corrodes you!
You are splashed with acid!
The acid burns!
You resist.
* * * LOW HITPOINT WARNING * * *
The oklob plant spits acid at you. The splash of acid hits you! You resist.
* * * LOW HITPOINT WARNING * * *
You are splashed with acid!
The acid burns!
You resist.
* * * LOW HITPOINT WARNING * * *
The oklob plant spits acid at you. The splash of acid hits you! You resist.
* * * LOW HITPOINT WARNING * * *
You are splashed with acid!
The acid burns!
You resist.
* * * LOW HITPOINT WARNING * * *
The oklob plant spits acid at you. The splash of acid hits you!
The acid corrodes you!
You are splashed with acid!
The acid burns!
You resist.
You die...

#P.................#...
#...#.............##...
###.....).........#.#.#
#...............#....
#..................>.
###...#..............
#.#.#........##.#..
#######.#......#.##†#
#.P[@§..†..........††
#$$?§.†..............
#...[.P..#.#.........
#!$P}(P....##......§§
#P.?$$P....##....<†.§
#######.#...(.......§
......#........
#....##.#..##.. #.....
#.. ##.


You could see 3 oklob plants.

Vanquished Creatures
  Erolcha (D:10)
  Erica (D:8)
  A two-headed ogre (D:9)
  Nergalle (D:10)
  Pikel (D:9)
  A salamander (Lair:3)
  A manticore (D:10)
  Maurice (D:8)
  6 spiny frogs
  3 komodo dragons
  A troll (D:9)
  A hornet (Lair:3)
  Prince Ribbit (D:8)
  5 hippogriffs
  6 dream sheep (Lair:2)
  5 blink frogs (Lair:1)
  Sigmund (D:3)
  6 yaks
  A human (D:8)
  2 basilisks (Lair:1)
  Grum (D:9)
  8 water moccasins
  4 porcupines
  2 ice beasts
  4 orc warriors
  3 sky beasts
  A hornet zombie (Ossuary)
  3 phantoms
  2 wolves (D:9)
  A necrophage (D:9)
  6 ogres
  A centaur (D:7)
  3 crocodiles
  2 big kobolds
  6 bullfrogs
  6 wyvern zombies
  A water moccasin zombie (Ossuary)
  5 scorpions
  A wyvern skeleton (D:8)
  4 killer bees (D:9)
  5 howler monkeys
  6 bullfrog zombies
  6 crimson imps
  3 centaur zombies
  3 quasits
  6 hounds
  3 jellies
  5 bullfrog skeletons
  5 orc priests
  A centaur skeleton (D:7)
  10 mummies
  Terence (D:3)
  4 iguanas
  12 orc wizards
  6 worker ants
  Natasha (thrice) (D:3)
  2 hound zombies (Ossuary)
  A worker ant zombie (Ossuary)
  5 gnolls
  16 adders
  3 shadow imps
  3 oozes
  An adder skeleton (D:5)
  4 adder zombies
  5 worms
  2 dart slugs
  10 leopard geckos
  47 orcs
  6 giant cockroaches
  14 goblins
  21 hobgoblins
  3 jackals (D:7)
  24 kobolds
  2 quokkas
  2 ball pythons (D:2)
  5 bats
  7 frilled lizards
  A jackal skeleton (D:5)
  A jackal zombie (D:7)
  2 leopard gecko zombies
  A quokka zombie (Ossuary)
  7 rats
  3 fungi
  2 plants (Lair:2)
389 creatures vanquished.

Vanquished Creatures (others)
  A catoblepas (Lair:2)
  A two-headed ogre (D:10)
  An oklob plant (Lair:3)
  A spiny frog (Lair:2)
  A yak (Lair:2)
  A basilisk (Lair:1)
  An insubstantial wisp (Lair:2)
  A water moccasin (Lair:2)
  A porcupine (Lair:2)
  2 slaves (D:9)
  A necrophage (D:9)
  An ogre (D:9)
  A wolf (D:9)
  A scorpion (Lair:3)
  3 wights (D:9)
  A hound (D:10)
  An orc priest (D:10)
  An orc (D:10)
  A fungus (Lair:2)
  4 plants
  2 withered plants (Ossuary)
28 creatures vanquished.

Grand Total: 417 creatures vanquished

Notes
Turn   | Place    | Note
-------+----------+-------------------------------------------
     0 | D:1      | Kagorn the Gargoyle Fighter began the quest for the Orb.
     0 | D:1      | Reached XP level 1. HP: 14/14 MP: 1/1
   137 | D:1      | Reached XP level 2. HP: 19/19 MP: 2/2
   562 | D:1      | Reached XP level 3. HP: 20/24 MP: 3/3
   836 | D:2      | Found a faded altar of an unknown god.
  1350 | D:2      | Reached skill level 4 in Fighting
  1430 | D:2      | Reached XP level 4. HP: 29/29 MP: 4/4
  1999 | D:3      | Reached skill level 1 in Dodging
  1999 | D:3      | Reached XP level 5. HP: 24/34 MP: 5/5
  2029 | D:3      | Noticed Sigmund
  2047 | D:3      | Killed Sigmund
  2047 | D:3      | Reached skill level 5 in Fighting
  2047 | D:3      | Reached XP level 6. HP: 18/40 MP: 6/6
  2078 | D:3      | Noticed Terence
  2093 | D:3      | Killed Terence
  2365 | D:3      | Found an iron altar of Okawaru.
  2380 | D:3      | Became a worshipper of Warmaster Okawaru
  2622 | D:3      | Noticed Natasha
  2635 | D:3      | Killed Natasha
  2686 | D:3      | Noticed Natasha
  2697 | D:3      | Killed Natasha
  2834 | D:3      | Noticed Natasha
  2856 | D:3      | Killed Natasha
  2856 | D:3      | Reached XP level 7. HP: 44/44 MP: 7/7
  2955 | D:4      | Reached * piety under Okawaru
  3188 | D:4      | Found a staircase to the Ecumenical Temple.
  3194 | D:4      | Reached skill level 6 in Fighting
  3294 | D:4      | Reached skill level 5 in Maces & Flails
  3294 | D:4      | Reached skill level 5 in Shields
  3294 | D:4      | Reached XP level 8. HP: 46/51 MP: 8/8
  3310 | D:4      | Reached skill level 5 in Armour
  3397 | D:4      | Reached ** piety under Okawaru
  3570 | D:4      | Found a bloodstained altar of Trog.
  3832 | D:4      | Found Mirchut's Book Shoppe.
  4079 | D:5      | Entered Level 5 of the Dungeon
  4333 | D:5      | Reached skill level 7 in Fighting
  4487 | D:5      | Found Qupoak's Magic Scroll Shoppe.
  4501 | D:5      | Bought a scroll of enchant weapon for 90 gold pieces
  4501 | D:5      | Bought a scroll of enchant armour for 90 gold pieces
  4821 | D:5      | Reached skill level 1 in Short Blades
  4821 | D:5      | Reached XP level 9. HP: 52/57 MP: 9/9
  5452 | D:6      | Found a sand-covered staircase.
  5458 | Ossuary  | Entered an ossuary
  5525 | Ossuary  | Reached *** piety under Okawaru
  5586 | Ossuary  | Reached skill level 8 in Fighting
  6869 | D:7      | Reached **** piety under Okawaru
  6869 | D:7      | Reached XP level 10. HP: 65/65 MP: 10/10
  6995 | D:7      | Reached skill level 9 in Fighting
  7020 | D:7      | Found Atsi's Weapon Shoppe.
  7088 | D:7      | Found Codilora's Magic Scroll Emporium.
  7263 | D:7      | Found Pekon's Book Shop.
  7285 | D:7      | Found Qaofit Muisk's Weapon Shop.
  7821 | D:8      | Found a stormy altar of Qazlal.
  7821 | D:8      | Noticed Erica
  7860 | D:8      | Killed Erica
  8106 | D:8      | Reached skill level 5 in Short Blades
  8132 | D:8      | Noticed Maurice
  8148 | D:8      | Paralysed by Maurice for 7 turns
  8162 | D:8      | Paralysed by Maurice for 4 turns
  8179 | D:8      | Paralysed by Maurice for 7 turns
  8214 | D:8      | Killed Maurice
  8288 | D:8      | Noticed Prince Ribbit
  8411 | D:8      | Reached ***** piety under Okawaru
  8701 | D:8      | Killed Prince Ribbit
  9106 | D:9      | Reached skill level 10 in Fighting
  9140 | D:9      | Got a pitted ring mail
  9246 | D:9      | Noticed Pikel
  9304 | D:9      | Killed Pikel
  9304 | D:9      | Reached skill level 5 in Dodging
  9304 | D:9      | Reached XP level 11. HP: 72/72 MP: 11/11
  9360 | D:9      | Noticed a two-headed ogre
  9393 | D:9      | Killed a two-headed ogre
  9706 | D:9      | Identified the +6 ring mail of Gusharro {Int+4} (You found it on level 9 of the Dungeon)
  9906 | D:9      | Received a gift from Okawaru
 10230 | D:9      | Noticed Grum
 10272 | D:9      | Killed Grum
 10428 | D:10     | Entered Level 10 of the Dungeon
 10428 | D:10     | Noticed Nergalle
 10433 | D:10     | Noticed Erolcha
 10439 | D:10     | Noticed a spectral orc warlord
 10466 | D:10     | Killed Nergalle
 10476 | D:10     | Paralysed by Erolcha for 4 turns
 10486 | D:10     | Killed Erolcha
 10554 | D:10     | Reached skill level 11 in Fighting
 10592 | D:10     | Found a staircase to the Lair.
 10701 | D:10     | Found a staircase to the Orcish Mines.
 10734 | D:10     | Noticed a manticore
 10742 | D:10     | Killed a manticore
 10864 | D:10     | Noticed a two-headed ogre
 10899 | D:10     | Banished a two-headed ogre
 11256 | Lair:1   | Entered Level 1 of the Lair of Beasts
 11338 | Lair:1   | Got a pitted trident
 11394 | Lair:1   | Reached XP level 12. HP: 80/80 MP: 12/12
 11635 | Lair:1   | Reached ****** piety under Okawaru
 12281 | Lair:2   | Received a gift from Okawaru
 12289 | Lair:2   | Reached skill level 12 in Fighting
 12338 | Lair:2   | Identified the +3 trident "Dragonbane" {freeze, Str+7} (You found it on level 1 of the Lair of Beasts)
 12427 | Lair:2   | Noticed a catoblepas
 12434 | Lair:2   | Banished a catoblepas
 12646 | Lair:2   | Found a basalt altar of Yredelemnul.
 13133 | Lair:3   | Found a hole to the Spider Nest.
 13320 | Lair:3   | HP: 1/82 [acid (5)]
 13320 | Lair:3   | Splashed by an oklob plant's acid

Skill      XL: |  1  2  3  4  5  6  7  8  9 10 11 12 |
---------------+-------------------------------------+-----
Fighting       | 4 5 6 7 8 10 11 12 | 12.5
Maces & Flails | 3 4 5 6 |  6.0
Dodging        | 1 2 3 4 5 6 |  6.6
Armour         | 4 5 6 7 8 9 |  9.4
Shields        | 4 5 6 7 8 9 |  9.5
Short Blades   | 1 3 6 7 9 |  9.0

Action                   |  1- 3 |  4- 6 |  7- 9 | 10-12 || total
-------------------------+-------+-------+-------+-------++-------
Melee: Flail             |    60 |       |       |       ||    60
       Mace              |   106 |   247 |   319 |       ||   672
       Dagger            |       |       |  1103 |   943 ||  2046
       Rapier            |       |       |       |   483 ||   483
  Use: Scroll            |     6 |       |    13 |    13 ||    32
       Potion            |       |       |     2 |     1 ||     3
  Eat: Ration            |     1 |     1 |     5 |     7 ||    14
Armor: Scale mail        |   108 |   106 |       |       ||   214
       Plate armour      |       |    36 |   723 |   399 ||  1158
       Ring mail         |       |       |       |   259 ||   259
Dodge: Dodged            |    61 |    71 |   151 |   230 ||   513
Block: Shield            |    95 |   130 |   136 |       ||   361
       Large shield      |       |       |   852 |  1161 ||  2013
